 Dungeon Crawl Stone Soup version 0.30-a0-12-gd8047c6341 (webtiles) character file.

Game seed: 6733493011514819460

60 Spectrina the Magician (level 4, -2/32 HPs)
             Began as a Djinni Venom Mage on Aug 23, 2022.
             Slain by a hound (5 damage)
             ... on level 6 of the Dungeon.
             The game lasted 00:03:53 (362 turns).

Spectrina the Magician (Djinni Venom Mage)           Turns: 362, Time: 00:03:54

Health: -2/32      AC:  2    Str:  7    XL:     4   Next: 24%
Gold:   33         EV: 12    Int: 18    God:
                   SH:  0    Dex: 14

rFire   + + .      SeeInvis .    e - +0 quarterstaff
rCold   x . .      Faith    .    (shield currently unavailable)
rNeg    . . .      Spirit   .    a - +0 robe
rPois   ∞          Reflect  .    (no helmet)
rElec   .          Harm     .    (no cloak)
rCorr   .          Rampage  .    (no gloves)
Will    .....                    (boots unavailable)
Stlth   ++........               (no amulet)
HPRegen 0.10/turn                (no ring)
MPRegen 0.00/turn                (no ring)

@: attractive, flying
A: sickness immunity, fire resistance 2, cold vulnerability 1, float, innate
caster, HP casting, extra vitality 1
a: no special abilities


You were on level 6 of the Dungeon.
You visited 1 branch of the dungeon, and saw 6 of its levels.

You collected 33 gold pieces.

Inventory:

Hand Weapons
 e - a +0 quarterstaff (weapon)
Armour
 a - a +0 robe (worn)
Scrolls
 c - a scroll of identify {unknown}
 f - a scroll of poison {unknown}


   Skills:
 + Level 1.1 Fighting
 + Level 2.7 Dodging
 + Level 2.0 Stealth
 * Level 2.9 Spellcasting
 + Level 1.2 Invocations


You couldn't memorise any spells.
You knew the following spells:

 Your Spells              Type           Power      Damage    Failure   Level
a - Sting                 Tmut/Pois      52%        1d5       4%          1
f - Magic Dart            Conj           52%        1d5       4%          1
l - Mephitic Cloud        Conj/Pois/Air  13%        N/A       14%         3
q - Poisonous Vapours     Pois/Air       26%        N/A       8%          2
w - Olgreb's Toxic Radia  Pois           13%        N/A       43%         4
Your spell library was empty.

Dungeon Overview and Level Annotations

Branches:
Dungeon (6/15)
 Temple: D:4-7

Altars:
Cheibriados
Yredelemnul


Innate Abilities, Weirdness & Mutations

You are immune to sickness and miasma.
You are immune to poison.
Your flesh is very heat resistant. (rF++)
You are vulnerable to cold. (rC-)
You float through the air rather than walking.
You learn spells naturally, not from books.
Your magical power is your life essence.
You have superior vitality. (+4 MHP)


Message History

Casting: Sting (safe; 4% risk of failure)
Confirm with . or Enter, or press ? or * to list all spells.
Aiming: Sting (safe; 4% risk of failure)
Press: ? - help, Shift-Dir - straight line, f - hound
Aim: a hound (60% to hit)
The sting hits the hound but does no damage.
The hound is poisoned.
Unknown command.
The hound attacks as you move away! The hound bites you.
* * * LOW HITPOINT WARNING * * *
You see here a scroll labelled ROLUAM ZYATIUG.
Casting: Sting (safe; 4% risk of failure)
Confirm with . or Enter, or press ? or * to list all spells.
Aiming: Sting (safe; 4% risk of failure)
Press: ? - help, Shift-Dir - straight line, f/p - hound
Aim: a hound (moderately wounded, poisoned, 60% to hit)
The sting hits the hound.
The hound looks even sicker.
The hound is moderately wounded.
* * * LOW HITPOINT WARNING * * *
The hound bites you.
* * * LOW HITPOINT WARNING * * *
Unknown command.
The hound stops to sniff the ground.
Casting: Sting (safe; 4% risk of failure)
Confirm with . or Enter, or press ? or * to list all spells.
Aiming: Sting (safe; 4% risk of failure)
Press: ? - help, Shift-Dir - straight line, f/p - hound
Aim: a hound (moderately wounded, very poisoned, 60% to hit)
The sting hits the hound.
The hound looks even sicker.
The hound is moderately wounded.
* * * LOW HITPOINT WARNING * * *
Unknown command.
It was a potion of attraction.
You feel attractive to monsters. The hound misses you.
The hound barely misses you.
Unknown command.
You hit the hound but do no damage.
The hound is moderately wounded.
The hound closely misses you. The hound bites you.
You die...

... #.#
...###### #.#
........## #.#
.........#####[#
..$≈≈.§§.......#
#...≈.≈.....####
#.§..§§§≈.#.#
#.≈≈...≈≈...#
#...._..h@.##
#.≈≈...≈≈..#
#.≈.....§..#
#...≈.≈....#
#..≈§.≈≈...#
##..$......#
##.......##
####...##


You could see a hound (very poisoned).

Vanquished Creatures
  A hound (D:5)
  2 adders
  A dart slug (D:1)
  2 endoplasms (D:2)
  A giant cockroach (D:2)
  A hobgoblin (D:2)
  A frilled lizard (D:2)
  A rat (D:2)
10 creatures vanquished.

Notes
Turn   | Place    | Note
-------+----------+-------------------------------------------
     0 | D:1      | Spectrina the Djinni Venom Mage began the quest for the
                  | Orb.
     0 | D:1      | Spectrina set off with the following spells memorised:
                  | Sting, Poisonous Vapours, Mephitic Cloud, Olgreb's Toxic
                  | Radiance.
     0 | D:1      | Reached XP level 1. HP: 15/15 MP: 0/0
     2 | D:1      | Noticed a tengu
     2 | D:1      | Noticed an ogre
     4 | D:1      | Noticed a vine stalker
     6 | D:1      | Noticed a vampire
     6 | D:1      | Noticed a human
     8 | D:1      | Noticed a ghoul
     8 | D:1      | Noticed a palentonga
    10 | D:1      | Noticed a spriggan
    10 | D:1      | Noticed a gargoyle
    12 | D:1      | Noticed a merfolk
    14 | D:1      | Noticed a demonspawn
    14 | D:1      | Noticed an elf
    16 | D:1      | Noticed a formicid
    16 | D:1      | Noticed a meteoran
    18 | D:1      | Noticed a naga
    18 | D:1      | Noticed a felid
    20 | D:1      | Noticed a troll
    22 | D:1      | Noticed a demigod
    22 | D:1      | Noticed a minotaur
    24 | D:1      | Noticed a vampire
    24 | D:1      | Noticed a draconian
    26 | D:1      | Noticed an elf
    26 | D:1      | Noticed a spriggan
   145 | D:2      | Reached XP level 2. HP: 11/21 MP: 0/0
   168 | D:2      | Found a snail-covered altar of Cheibriados.
   242 | D:5      | Entered Level 5 of the Dungeon
   250 | D:4      | Noticed an ogre
   281 | D:5      | Reached XP level 3. HP: 7/26 MP: 0/0
   281 | D:5      | Learned a level 1 spell: Magic Dart
   310 | D:5      | HP: 1/26 [hound (2)]
   315 | D:5      | Reached skill level 1 in Fighting
   315 | D:5      | Reached skill level 1 in Invocations
   315 | D:5      | Reached XP level 4. HP: 8/32 MP: 0/0
   347 | D:6      | Found a basalt altar of Yredelemnul.
   362 | D:6      | Slain by a hound

Illustrated notes

Levels and vault maps discovered:
D:1:      kb_arrival_jail, layout_rooms,
          shapermc_ecumenical_altar_mp_urbaneastern
D:2:      layout_rooms, basic_altar
D:3:      layout_loops_corners, mainiacjoe_overflow_concentric_impassable
D:4:      layout_cave_pods
D:5:      layout_layer_cave
D:6:      layout_basic, chequers_temple_overflow_statue_of_worship,
          mainiacjoe_overflow_small_starburst, cheibrodos_sewer_entry_drain

Skill      XL: |  1  2  3 |
---------------+----------+-----
Fighting       | 1 |  1.1
Stealth        | 2 |  2.0
Invocations    | 1 |  1.2
Dodging        | |  2.7
Spellcasting   | |  2.9

Action                   |  1- 3 |  4- 6 || total
-------------------------+-------+-------++-------
Melee: Unarmed           |     1 |       ||     1
       Quarterstaff      |    12 |     1 ||    13
 Cast: Sting             |    17 |     3 ||    20
       Magic Dart        |     2 |       ||     2
  Use: Potion            |     1 |     1 ||     2
Armor: Robe              |     5 |       ||     5
Dodge: Dodged            |    10 |     3 ||    13

Table legend: (Time is in decaauts)
 A = Elapsed time spent in this place.
 B = Non-inter-level travel time spent in this place.
 C = Inter-level travel time spent in this place.
 D = Time resting spent in this place.
 E = Time spent auto-exploring this place.
 F = Levels seen in this place.
 G = Mean time per level.
                   A        B        C        D        E       F      G
               +--------+--------+--------+--------+--------+-----+--------+
         Total |    364 |    364 |      0 |      0 |      0 |   6 |   60.7 |
       Dungeon |    364 |    364 |      0 |      0 |      0 |   6 |   60.7 |
               +--------+--------+--------+--------+--------+-----+--------+

Top non-repeatable levels by time:
     D:2: 148 daAuts
     D:5: 97 daAuts
     D:1: 41 daAuts
     D:3: 31 daAuts
     D:6: 22 daAuts
     D:4: 21 daAuts
